 Dungeon Crawl Stone Soup version 0.30-a0-782-ge64f9170bb (webtiles) character file.

Game seed: 12565011401459896920

54 vineage the Trooper (level 3, 0/36 HPs)
             Began as a Gargoyle Fighter on Mar 17, 2023.
             Slain by a goblin
             ... wielding a +0 dagger
             ... led by Robin
              (4 damage)
             ... on level 2 of the Dungeon.
             The game lasted 00:01:24 (1619 turns).

vineage the Trooper (Gargoyle Fighter)              Turns: 1619, Time: 00:01:24

Health: 0/36       AC: 21    Str: 21    XL:     3   Next: 91%
Magic:  3/3        EV:  2    Int:  8    God:
Gold:   69         SH:  4    Dex:  9    Spells: 2/2 levels left

rFire   . . .      SeeInvis .    g - +0 morningstar
rCold   . . .      Faith    .    c - +0 buckler
rNeg    + . .      Spirit   .    (body armour currently unavailable)
rPois   ∞          Reflect  .    (helmet currently unavailable)
rElec   .          Harm     .    (cloak currently unavailable)
rCorr   .          Rampage  .    (gloves currently unavailable)
Will    .....      NoTele   +    (boots currently unavailable)
Stlth   +                        (no amulet)
HPRegen 0.26/turn                (no ring)
MPRegen 0.08/turn                (no ring)

@: mighty, tree-form, attractive
A: stationary, stasis, torment immunity, boosted hp, sickness immunity, AC +3,
negative energy resistance 1, (electricity resistance), torment resistance 1,
petrification resistance
a: no special abilities


You were on level 2 of the Dungeon.
You were a tree.
You visited 1 branch of the dungeon, and saw 2 of its levels.

You collected 69 gold pieces.

Inventory:

Hand Weapons
 a - a +0 flail
 g - a +0 morningstar (weapon)
Armour
 b - a +0 scale mail (melded)
 c - a +0 buckler (worn)
 f - a scarf of shadows (melded)
Scrolls
 e - 2 scrolls of identify
 h - a scroll of blinking {unknown}
 k - a scroll of fear {unknown}
 o - 2 scrolls of vulnerability {unknown}
 p - a scroll of teleportation {unknown}
 q - a scroll of poison {unknown}
Potions
 i - a potion of lignification
 j - a potion of flight
 m - a potion of mutation {unknown}
 n - a potion of ambrosia {unknown}


   Skills:
 * Level 4.0 Fighting
 * Level 2.8 Maces & Flails
 + Level 3.6 Armour
 + Level 3.6 Shields


You had 2 spell levels left.
You didn't know any spells.
Your spell library contained the following spells:

 Spells                   Type           Power      Damage    Failure   Level
 Magic Dart               Conj           0%         1d3       50%         1
 Call Imp                 Summ           0%         N/A       65%         2
 Gell's Gravitas          Tloc           0%         N/A       86%         3
 Mephitic Cloud           Conj/Pois/Air  0%         N/A       86%         3
 Teleport Other           Tloc           0%         N/A       86%         3
 Dispersal                Tloc           0%         N/A       100%        6


Dungeon Overview and Level Annotations

Branches:
Dungeon (2/15)

Altars:

Shops:
D:2 (

Annotations:
D:2 Robin


Innate Abilities, Weirdness & Mutations

You are a tree.
Your roots penetrate the ground, keeping you stationary.
You cannot be teleported.
You are immune to unholy pain and torment.
Your maximum health is greatly increased.
Your equipment is partially melded.
You are immune to sickness and miasma.
((Your stone body is resilient. (AC +3)))
You are immune to poison.
You resist negative energy. (rN+)
((You are resistant to electric shocks. (rElec)))
You are resistant to unholy torment.
You are immune to petrification.


Message History

The goblin hits you with a +0 dagger.
* * * LOW HITPOINT WARNING * * *
You closely miss the hobgoblin.
Robin roars a battlecry!
The hobgoblin goes into a battle-frenzy!
The hobgoblin hits you but does no damage.
The goblin hits you but does no damage.
You sock the goblin!
You kill the goblin!
Robin throws the goblin at you! The goblin hits you but does no damage.
The hobgoblin completely misses you.
You impale the hobgoblin!!
You kill the hobgoblin!
The goblin hits you with a +0 club.
* * * LOW HITPOINT WARNING * * *
The goblin hits you but does no damage. You block the goblin's attack.
You closely miss the goblin.
The goblin no longer looks unusually strong.
Robin roars a battlecry!
The goblin goes into a battle-frenzy!
The goblin hits you but does no damage. The goblin hits you with a +0 club.
* * * LOW HITPOINT WARNING * * *
You barely miss the goblin. The goblin hits you but does no damage.
The goblin hits you with a +0 club.
* * * LOW HITPOINT WARNING * * *
The goblin closely misses you. The goblin hits you with a +0 club.
* * * LOW HITPOINT WARNING * * *
It was a potion of lignification.
You turn into a tree.
Your scarf of shadows melds into your body.
Your +0 scale mail melds into your body.
The dungeon's light returns to normal.
Your roots penetrate the ground.
The goblin no longer looks unusually strong.
You block the goblin's attack. The goblin barely misses you.
It was a potion of flight.
Your roots keep you in place.
The hobgoblin no longer looks unusually strong.
The goblin barely misses you. The goblin hits you but does no damage.
It was a potion of attraction.
You feel attractive to monsters. The goblin hits you with a +0 dagger.
You die...

#..## #.#
#.....# #...
..# #####.# ###
#.# + #.# ..
#.# ... ####.#
.... ##.##.#
.....####...#.#
....ggg♣g.....#
....g####...#.#
.... ##.##.#
... ####.# ..
#.# + #.# >.#


You could see Robin, 2 hobgoblins and 2 goblins.

Vanquished Creatures
  A worm (D:2)
  3 dart slugs
  4 bats
  3 endoplasms
  2 giant cockroaches
  8 goblins
  4 hobgoblins
  4 kobolds
  5 ball pythons
  2 frilled lizards
  7 rats
43 creatures vanquished.

Notes
Turn   | Place    | Note
-------+----------+-------------------------------------------
     0 | D:1      | vineage the Gargoyle Fighter began the quest for the Orb.
     0 | D:1      | Reached XP level 1. HP: 14/14 MP: 1/1
   140 | D:1      | Reached XP level 2. HP: 15/19 MP: 2/2
   703 | D:1      | Reached XP level 3. HP: 24/24 MP: 3/3
   933 | D:2      | Found War Yclyagor's Weapon Boutique.
  1588 | D:2      | Noticed Robin
  1608 | D:2      | Reached skill level 4 in Fighting
  1619 | D:2      | Slain by a goblin

Illustrated notes

Levels and vault maps discovered:
D:1:      minmay_arrival_radiant_lines, layout_basic
D:2:      layout_loops_corners, serial_shops, nicolae_shop_bloodbath_and_beyond,
          feat_on_display, uniq_robin

Skill      XL: |  1  2  3 |
---------------+----------+-----
Fighting       | 4 |  4.0
Maces & Flails | |  2.8
Armour         | |  3.6
Shields        | |  3.6

Action                     || total
---------------------------++-------
  Melee: Flail             ||    31
         Morningstar       ||    96
    Use: Scroll            ||     2
         Potion            ||     4
 Armour: Scale mail        ||    91
         Skin              ||     1
  Dodge: Dodged            ||    77
  Block: Buckler           ||    30

Table legend: (Time is in decaauts)
 A = Elapsed time spent in this place.
 B = Non-inter-level travel time spent in this place.
 C = Inter-level travel time spent in this place.
 D = Time resting spent in this place.
 E = Time spent auto-exploring this place.
 F = Levels seen in this place.
 G = Mean time per level.
                   A        B        C        D        E       F      G
               +--------+--------+--------+--------+--------+-----+--------+
         Total |   1667 |   1632 |     35 |      0 |   1310 |   2 |  833.5 |
       Dungeon |   1667 |   1632 |     35 |      0 |   1310 |   2 |  833.5 |
               +--------+--------+--------+--------+--------+-----+--------+

Top non-repeatable levels by time:
     D:1: 901 daAuts
     D:2: 765 daAuts
